[Event "40th IND-chT Open 2020"]
[Site "Ahmedabad"]
[Date "2020.02.10"]
[Round "6.2"]
[White "Shyaamnikhil P"]
[Black "Gupta, Abhijeet"]
[Result "1/2-1/2"]
[ECO "A22"]
[WhiteElo "2460"]
[BlackElo "2608"]
[Annotator "RC"]
[PlyCount "74"]
[EventDate "2020.02.05"]
[EventCountry "IND"]
[SourceTitle "playchess.com"]
[Source "ChessBase"]
[SourceQuality "1"]
[TimeControl "5400+30"]

1. c4 Nf6 2. Nc3 e5 3. d3 Bb4 4. Bd2 O-O 5. a3 Bxc3 6. Bxc3 Re8 7. Nf3 e4 8. dxe4 Nxe4 9. Rc1 a5 10. Qd4 Nxc3 11. Qxc3 d6 12. e3 Nd7 13. b4 axb4 14. axb4 Qf6 15. Nd4 c5 16. bxc5 Nxc5 17. Bd3 Qg5 18. Kf1 b6 19. h4 Qf6 20. Bb1 Ne4 21. Bxe4 Rxe4 22. Kg1 Ra2 23. Rc2 Ra5 24. Nb3 Qxc3 25. Rxc3 Ra3 26. f3 Re8 27. Kf2 Be6 28. Rhc1 b5 29. Nd2 Rxc3 30. Rxc3 bxc4 31. e4 f5 32. Ke3 d5 33. exd5 Bxd5+ 34. Kd4 Rd8 35. Ke3 Re8+ 36. Kd4 Rd8 37. Ke3 Re8+ 1/2-1/2

[Event "40th IND-chT Open 2020"]
[Site "Ahmedabad"]
[Date "2020.02.10"]
[Round "6.4"]
[White "Swapnil, S. Dhopade"]
[Black "Lalith Babu M R"]
[Result "1/2-1/2"]
[ECO "A49"]
[WhiteElo "2495"]
[BlackElo "2550"]
[Annotator "ChessBase"]
[PlyCount "62"]
[EventDate "2020.02.05"]
[EventCountry "IND"]
[SourceTitle "playchess.com"]
[Source "ChessBase"]
[SourceQuality "1"]
[TimeControl "5400+30"]

1. Nf3 Nf6 2. g3 g6 3. b3 Bg7 4. Bb2 O-O 5. Bg2 d6 6. d4 c5 7. O-O cxd4 8. Nxd4 d5 9. c4 dxc4 10. bxc4 Qb6 11. Qc1 Bd7 12. Nd2 Bh6 13. Rb1 Qa6 14. e3 Rc8 15. Ba3 Nc6 16. Nxc6 Bxc6 17. Bxe7 Bxg2 18. Kxg2 Qc6+ 19. Kg1 Ne4 20. Qc2 Nxd2 21. Qxd2 b6 22. Rbc1 Qe4 23. Bf6 Rxc4 24. Rxc4 Qxc4 25. Rc1 Qe6 26. Bb2 Bg7 27. Bxg7 Kxg7 28. Rc7 a6 29. a4 Qf6 30. Qd5 Re8 31. Kg2 Qe6 1/2-1/2

[Event "40th IND-chT Open 2020"]
[Site "Ahmedabad"]
[Date "2020.02.10"]
[Round "6.5"]
[White "Krishna C R G"]
[Black "Raja Harshit"]
[Result "1-0"]
[ECO "E05"]
[WhiteElo "2443"]
[BlackElo "2472"]
[Annotator "RC"]
[PlyCount "99"]
[EventDate "2020.02.05"]
[EventCountry "IND"]
[SourceTitle "playchess.com"]
[Source "ChessBase"]
[SourceQuality "1"]
[TimeControl "5400+30"]

1. d4 Nf6 2. c4 e6 3. g3 d5 4. Nf3 Be7 5. Bg2 O-O 6. O-O dxc4 7. Qc2 a6 8. a4 Bd7 9. Rd1 Bc6 10. Nc3 Bxf3 11. Bxf3 Nc6 12. Bxc6 bxc6 13. a5 Rb8 14. Qa4 Rb4 15. Qxc6 Qd6 16. Qf3 Nd5 17. e4 Nxc3 18. bxc3 Rb3 19. Bf4 Qc6 20. Be5 f6 21. d5 Qb7 22. d6 cxd6 23. Bxd6 Rc8 24. Rd4 Rd8 25. Rad1 Bxd6 26. Rxd6 Rxd6 27. Rxd6 Kf7 28. Qg4 Qc8 29. e5 Rxc3 30. exf6 g6 31. Qe4 Rb3 32. Rc6 Qd7 33. Rxc4 Rb5 34. Qc2 Kxf6 35. Qc3+ e5 36. Rc6+ Kg5 37. Qe3+ Kh5 38. Rc4 g5 39. g4+ Kh6 40. h4 Qd8 41. hxg5+ Kg7 42. Qa7+ Kg8 43. Qxa6 Rxa5 44. Qb7 Ra8 45. Rc7 Qf8 46. Qd5+ Kh8 47. Qxe5+ Kg8 48. Qe4 Ra1+ 49. Kg2 Qa8 50. Rb7 1-0

[Event "40th IND-chT Open 2020"]
[Site "Ahmedabad"]
[Date "2020.02.10"]
[Round "6.7"]
[White "Thejkumar, M. S."]
[Black "Visakh N R"]
[Result "0-1"]
[ECO "D37"]
[WhiteElo "2438"]
[BlackElo "2518"]
[Annotator "ChessBase"]
[PlyCount "56"]
[EventDate "2020.02.05"]
[EventCountry "IND"]
[SourceTitle "playchess.com"]
[Source "ChessBase"]
[SourceQuality "1"]
[TimeControl "5400+30"]

1. d4 Nf6 2. Nf3 e6 3. c4 d5 4. Nc3 a6 5. cxd5 exd5 6. Bg5 Be6 7. e3 Nbd7 8. Bd3 h6 9. Bf4 g5 10. Bg3 Nh5 11. e4 c6 12. exd5 cxd5 13. O-O Nxg3 14. hxg3 Bd6 15. Re1 Kf8 16. Rc1 Kg7 17. Na4 Qf6 18. Nc5 Nxc5 19. dxc5 Bc7 20. Bc2 Rae8 21. Qd3 h5 22. b4 h4 23. gxh4 g4 24. Ng5 Rxh4 25. g3 Rh2 26. Kxh2 Qxf2+ 27. Kh1 Rh8+ 28. Nh7 f5 0-1

[Event "40th IND-chT Open 2020"]
[Site "Ahmedabad"]
[Date "2020.02.10"]
[Round "6.8"]
[White "Sai Agni Jeevitesh, J."]
[Black "Laxman, R.R."]
[Result "1-0"]
[ECO "E52"]
[WhiteElo "2310"]
[BlackElo "2432"]
[Annotator "ChessBase"]
[PlyCount "87"]
[EventDate "2020.02.05"]
[EventCountry "IND"]
[SourceTitle "playchess.com"]
[Source "ChessBase"]
[SourceQuality "1"]
[TimeControl "5400+30"]

1. d4 Nf6 2. c4 e6 3. Nc3 Bb4 4. e3 d5 5. Bd2 O-O 6. Nf3 b6 7. cxd5 exd5 8. Rc1 Bb7 9. Bd3 Nbd7 10. O-O a6 11. Ne5 Bd6 12. f4 c5 13. Qf3 cxd4 14. exd4 b5 15. Qh3 Nb6 16. Be1 Ne4 17. Bh4 Qe8 18. Nxe4 dxe4 19. Bc2 f6 20. Bb3+ Kh8 21. Ng4 Bd5 22. Ne3 Bxb3 23. axb3 Bb4 24. Be1 Bxe1 25. Rfxe1 Qd8 26. Rc5 Rf7 27. d5 Rc8 28. b4 Rfc7 29. Rec1 Nc4 30. Nxc4 Rxc5 31. bxc5 Rxc5 32. Qe6 bxc4 33. d6 Qg8 34. f5 e3 35. Rd1 e2 36. Qxe2 Re5 37. Qf3 Qd8 38. d7 Kg8 39. Qc6 Kf8 40. Qxc4 a5 41. Rd5 Rxd5 42. Qxd5 Qb6+ 43. Kf1 Ke7 44. Qe6+ 1-0

[Event "40th IND-chT Open 2020"]
[Site "Ahmedabad"]
[Date "2020.02.10"]
[Round "6.13"]
[White "Eshwanth Dev, Kumar J"]
[Black "Prasenjit Dutta"]
[Result "1-0"]
[ECO "C41"]
[WhiteElo "1850"]
[BlackElo "2285"]
[Annotator "RC"]
[PlyCount "189"]
[EventDate "2020.02.05"]
[EventCountry "IND"]
[SourceTitle "playchess.com"]
[Source "ChessBase"]
[SourceQuality "1"]
[TimeControl "5400+30"]

1. e4 d6 2. d4 Nd7 3. Nc3 e5 4. Nf3 c6 5. a4 Be7 6. h3 Ngf6 7. Bc4 h6 8. Ba2 Qc7 9. Be3 Nf8 10. Qd2 a6 11. a5 Ng6 12. O-O Be6 13. Bxe6 fxe6 14. dxe5 dxe5 15. Qe2 c5 16. Qc4 Qc6 17. Ne1 O-O 18. Nd3 Rac8 19. f3 Kh7 20. g3 Nd7 21. Kg2 Rf6 22. h4 Nh8 23. Nf2 Rff8 24. Ng4 Nf7 25. Rfd1 Nf6 26. Nf2 Rg8 27. Rh1 Rge8 28. Na4 Bf8 29. Nb6 Rc7 30. Nd3 Nd7 31. Nxd7 Qxd7 32. Bf2 Bd6 33. Rhd1 Qe7 34. Be3 Rg8 35. Rh1 Nd8 36. h5 Rf8 37. Rh4 Rf6 38. c3 Qf8 39. Ne1 Nc6 40. b3 Rcf7 41. Rg4 Rc7 42. Ra2 Be7 43. Ra1 Rd7 44. f4 Qd8 45. Qe2 exf4 46. gxf4 Nxa5 47. Nf3 Nc6 48. Rg1 Bf8 49. Nh4 Qa5 50. Qc2 e5 51. Kh3 Qb5 52. Ng6 Bd6 53. Rd1 Rdf7 54. Nh4 Ne7 55. Nf3 Kh8 56. Rxd6 Qf1+ 57. Qg2 Qxg2+ 58. Kxg2 Rxd6 59. Nxe5 Rff6 60. Bxc5 Rd2+ 61. Kf3 Nc6 62. Ng6+ Kg8 63. e5 Rf5 64. Rh4 Rd1 65. Ke4 Rf7 66. Bd6 Nd8 67. Ne7+ Kh7 68. f5 Re1+ 69. Kd5 Nc6 70. Nxc6 bxc6+ 71. Ke6 Rb7 72. b4 Re3 73. Rc4 Rh3 74. Rxc6 Rxh5 75. Rxa6 Rg5 76. f6 h5 77. f7 Rg6+ 78. Kd5 Rxf7 79. b5 h4 80. b6 h3 81. Ra1 Rh6 82. Kc6 g5 83. b7 Rxb7 84. Kxb7 g4 85. Kc7 h2 86. e6 Rxe6 87. Bxh2 Re3 88. Rc1 g3 89. Bg1 Rf3 90. Bd4 Kg6 91. Kd6 Kf5 92. Rg1 Kg4 93. Be5 Rd3+ 94. Ke6 Kh3 95. Rxg3+ 1-0

[Event "40th IND-chT Open 2020"]
[Site "Ahmedabad"]
[Date "2020.02.10"]
[Round "6.14"]
[White "Santu, Mondal"]
[Black "Sibi Visal R"]
[Result "0-1"]
[ECO "E04"]
[WhiteElo "2093"]
[BlackElo "2074"]
[Annotator "NA RC"]
[PlyCount "140"]
[EventDate "2020.02.05"]
[EventCountry "IND"]
[SourceTitle "playchess.com"]
[Source "ChessBase"]
[SourceQuality "1"]
[TimeControl "5400+30"]

1. d4 Nf6 2. g3 d5 3. c4 e6 4. Nf3 dxc4 5. Bg2 Bb4+ 6. Bd2 a5 7. O-O O-O {[%emt 0:00:30] E04: Open Catalan: 5 Nf3.} 8. Qc2 {[%emt 0:00:30] Nowadays more popular than 8.Bg5.} Bxd2 9. Nbxd2 b5 10. a4 c6 11. e4 Na6 12. e5 Nd5 13. Ne4 Nab4 {[%emt 0:00:30] [#]} 14. Qe2 $146 ({Predecessor:} 14. Qd2 Nb6 15. axb5 cxb5 16. Nd6 Bd7 17. Ng5 Bc6 18. f4 Bxg2 19. Kxg2 N6d5 20. Rf3 {1-0 (40) Shapiro,D (2044)-Sorochan,D (2034) Samara 2013}) 14... Nd3 15. Ne1 Ba6 16. Nxd3 cxd3 17. Qd2 Nb4 18. Nd6 Qb6 19. Rac1 (19. Qc3 $17 {might work better.}) 19... Qxd4 20. axb5 Qxe5 21. Nc4 Qxb5 22. Rfe1 Nc2 23. Re4 Qb4 24. Qxd3 f5 25. Rh4 Ne1 26. Qe2 Nxg2 27. Qxe6+ Kh8 28. Kxg2 Rf6 29. Qd7 (29. Qe5 $15) 29... f4 ({Black should try} 29... h6 $17 30. Qd4 Bb7) 30. Rg4 $2 (30. Rxf4 $11 {and White is okay.} Rxf4 31. gxf4) 30... Rg8 31. Qd4 {[%emt 0:00:30] [#]} c5 $1 32. Qc3 Qb7+ 33. Kg1 fxg3 34. hxg3 (34. Rxg3 {might work better.} Bxc4 35. Qxc4) 34... Rh6 (34... Rgf8 $19 35. Rf4 Rxf4 36. gxf4 Qf7) 35. f3 {[%emt 0:00:30] [#]} Bxc4 $1 36. Rxc4 $17 Rb6 37. Rh4 (37. Rxc5 $17 Rb3 38. Qc2) 37... Rb3 38. Qc2 h6 39. Qe4 Qxe4 40. fxe4 (40. Rxe4 $17 {was worth a try.} Rxb2 41. Ra4) 40... Rxb2 41. e5 Ra8 42. Re4 a4 43. e6 a3 44. e7 Rbb8 $2 (44... Re8 $19 45. Ra4 a2) 45. Ra1 Re8 46. Re5 Ra7 47. Rxc5 Rexe7 48. Rc3 (48. Ra2 $142 Re3 49. Kh2) 48... a2 49. Rc2 Re3 50. Rcxa2 Rxa2 51. Rxa2 Rxg3+ 52. Kh2 Rb3 53. Kg2 Kh7 54. Rc2 h5 55. Ra2 Kh6 56. Ra6+ g6 57. Ra5 h4 58. Kh2 g5 59. Kg2 Kh5 (59... h3+ $19 60. Kh2 Kh5) 60. Ra4 Rb2+ 61. Kg1 h3 62. Ra1 g4 63. Rc1 Rd2 64. Ra1 g3 65. Ra5+ Kg4 66. Ra4+ Kf5 67. Ra5+ Kf4 68. Ra1 Ke3 69. Re1+ Kd3 70. Ra1 Ke2 0-1

[Event "40th IND-chT Open 2020"]
[Site "Ahmedabad"]
[Date "2020.02.10"]
[Round "6.16"]
[White "Adarsh Tripathi"]
[Black "Ramnathan, Balasubramaniam"]
[Result "1-0"]
[ECO "C50"]
[WhiteElo "2100"]
[BlackElo "2200"]
[Annotator "ChessBase"]
[PlyCount "119"]
[EventDate "2020.02.05"]
[EventCountry "IND"]
[SourceTitle "playchess.com"]
[Source "ChessBase"]
[SourceQuality "1"]
[TimeControl "5400+30"]

1. e4 e5 2. Nf3 Nf6 3. Nc3 Nc6 4. a3 d6 5. Bc4 Be7 6. h3 O-O 7. d4 exd4 8. Nxd4 Bd7 9. O-O a6 10. Be3 b5 11. Ba2 Na5 12. b4 Nb7 13. Nd5 c5 14. Nf5 Bxf5 15. exf5 c4 16. c3 Nxd5 17. Qxd5 Qd7 18. Bd4 Rae8 19. Bb1 Bf6 20. Bxf6 gxf6 21. Qd4 Qe7 22. Bc2 Qe5 23. Rad1 d5 24. Qg4+ Kh8 25. Rd4 Rg8 26. Qh5 Nd6 27. Rfd1 Rg5 28. Qf3 Nxf5 29. Rf4 Nd6 30. h4 Rg7 31. Rxd5 Qe1+ 32. Kh2 Re6 33. Rxf6 Ne8 34. Rxf7 Rh6 35. Rf8+ Rg8 36. Rh5 Qd2 37. Rxg8+ Kxg8 38. Qg4+ Kf8 39. Rxh6 Qxh6 40. Qf5+ Ke7 41. g3 Qf6 42. Qe4+ Kd6 43. Qe3 Qf7 44. Be4 Nf6 45. Qc5+ Kd7 46. Bc6+ Kd8 47. Qd6+ Kc8 48. Bf3 Nd7 49. Qxa6+ Kd8 50. Kg2 Qf5 51. Qa8+ Kc7 52. Qa5+ Kd6 53. a4 Ne5 54. Qb6+ Ke7 55. Qb7+ Kd6 56. Qd5+ Kc7 57. a5 Qf6 58. Qb7+ Kd8 59. a6 Nxf3 60. a7 1-0

[Event "40th IND-chT Open 2020"]
[Site "Ahmedabad"]
[Date "2020.02.10"]
[Round "6.19"]
[White "Swain Ashirwad"]
[Black "Das Susobhit"]
[Result "1/2-1/2"]
[ECO "B15"]
[WhiteElo "2087"]
[BlackElo "1846"]
[Annotator "NA RC"]
[PlyCount "109"]
[EventDate "2020.02.05"]
[EventCountry "IND"]
[SourceTitle "playchess.com"]
[Source "ChessBase"]
[SourceQuality "1"]
[TimeControl "5400+30"]

1. e4 c6 2. d4 d5 3. Nc3 dxe4 4. Nxe4 Nf6 5. Nxf6+ exf6 6. Nf3 Bd6 7. Be2 O-O 8. O-O Re8 9. Be3 Nd7 10. c4 Nf8 {[%emt 0:01:56] B15: Caro-Kann: 3 Nc3: 3...g6 and 3...dxe4 4 Nxe4 Nf6 5 Nxf6+ exf6.} 11. d5 c5 12. Re1 Ng6 {[%emt 0:01:10] [#]} 13. Qc2 $146 ({Predecessor:} 13. b4 cxb4 14. c5 Rxe3 15. fxe3 Bxc5 16. Kh1 Qd6 17. Qd3 Bd7 18. Nd2 Ne5 19. Qb3 {0-1 (36) Nazari,A (2333)-Rastbod,A (2326) Teheran 2020}) 13... Qc7 14. h3 Bd7 15. Bf1 a6 16. a3 Rab8 17. Rac1 b6 18. Bd2 Bf4 19. Rxe8+ Rxe8 20. Re1 Rxe1 21. Bxe1 Ne7 22. Bd3 h6 23. Qe2 Kf8 24. Bc3 Qb8 25. b4 Bd6 26. Qb2 Nf5 27. bxc5 bxc5 28. Qxb8+ Bxb8 29. Nd2 Nd6 30. Ba5 Ba7 31. Bc7 Ne8 32. Bf4 Ke7 33. Ne4 f5 34. Ng3 g5 35. Be5 f6 36. Bc3 Ng7 37. Kf1 Bb8 38. Ke2 Be5 39. Kd2 h5 40. Ne2 h4 41. f4 Bxc3+ 42. Kxc3 Nh5 43. Kd2 Nxf4 44. Nxf4 gxf4 45. Be2 Kd6 46. Bf3 Ke5 47. Kd3 Be8 48. Kc3 Ba4 49. Be2 Ke4 50. Bd3+ Ke5 51. Be2 a5 52. Bf3 Bd7 53. Kd3 $11 Be8 54. Kc3 Ba4 55. Be2 1/2-1/2

[Event "40th IND-chT Open 2020"]
[Site "Ahmedabad"]
[Date "2020.02.10"]
[Round "6.20"]
[White "Ashutosh, Mohanty"]
[Black "Baivab Mishra"]
[Result "0-1"]
[ECO "A73"]
[WhiteElo "1725"]
[BlackElo "2206"]
[Annotator "ChessBase"]
[PlyCount "94"]
[EventDate "2020.02.05"]
[EventCountry "IND"]
[SourceTitle "playchess.com"]
[Source "ChessBase"]
[SourceQuality "1"]
[TimeControl "5400+30"]

1. d4 Nf6 2. c4 c5 3. d5 e6 4. Nc3 exd5 5. cxd5 d6 6. Nf3 g6 7. e4 Bg7 8. Be2 O-O 9. O-O Bg4 10. Bf4 Bxf3 11. Bxf3 Ne8 12. Qd2 Nd7 13. Bh6 Nc7 14. Bxg7 Kxg7 15. Be2 Rb8 16. a4 a6 17. a5 b5 18. axb6 Rxb6 19. f4 Qe7 20. f5 Rfb8 21. Rab1 Qe5 22. fxg6 hxg6 23. Bd3 Qd4+ 24. Kh1 Ne5 25. Rfd1 Nxd3 26. Qxd3 Qxd3 27. Rxd3 Rxb2 28. Rdd1 Rxb1 29. Rxb1 Rxb1+ 30. Nxb1 Kf6 31. Nd2 Ke5 32. Kg1 Kd4 33. Kf2 c4 34. e5 Kxe5 35. Nxc4+ Kxd5 36. Ne3+ Kd4 37. Ke2 Nd5 38. Nc2+ Kc3 39. Kd1 a5 40. g4 g5 41. h3 Nf4 42. Na3 d5 43. Nb5+ Kb2 44. Kd2 a4 45. Nc3 a3 46. Nd1+ Kb3 47. Nc3 a2 0-1

[Event "40th IND-chT Open 2020"]
[Site "Ahmedabad"]
[Date "2020.02.10"]
[Round "6.21"]
[White "Anadkat Kartavya"]
[Black "Tanishq Gupta"]
[Result "1-0"]
[ECO "C00"]
[WhiteElo "2152"]
[BlackElo "1763"]
[Annotator "ChessBase"]
[PlyCount "77"]
[EventDate "2020.02.05"]
[EventCountry "IND"]
[SourceTitle "playchess.com"]
[Source "ChessBase"]
[SourceQuality "1"]
[TimeControl "5400+30"]

1. e4 e6 2. d3 d5 3. Nd2 Nf6 4. Ngf3 Be7 5. g3 O-O 6. Bg2 c5 7. O-O Nc6 8. Re1 Qc7 9. Nf1 dxe4 10. dxe4 Rd8 11. Qe2 e5 12. c3 h6 13. N3d2 Bg4 14. Bf3 Be6 15. Ne3 a6 16. Ng4 Qd7 17. Nxf6+ Bxf6 18. Nc4 Bxc4 19. Qxc4 Be7 20. Bh5 Bf8 21. Qe2 b5 22. Be3 c4 23. b3 cxb3 24. axb3 Qc7 25. Rec1 Na5 26. Qc2 Nb7 27. c4 b4 28. c5 Qc6 29. Qc4 Rd7 30. Qxb4 Rc7 31. Qc4 Qe6 32. Qxe6 fxe6 33. b4 a5 34. c6 Nd6 35. Bb6 Rcc8 36. bxa5 Nb5 37. c7 Bd6 38. Rc6 Bxc7 39. Rac1 1-0

[Event "40th IND-chT Open 2020"]
[Site "Ahmedabad"]
[Date "2020.02.10"]
[Round "6.22"]
[White "Dutta Sarthak"]
[Black "Bhatt, Jalpan"]
[Result "0-1"]
[ECO "A38"]
[WhiteElo "1704"]
[BlackElo "1983"]
[Annotator "NA RC"]
[PlyCount "102"]
[EventDate "2020.02.05"]
[EventCountry "IND"]
[SourceTitle "playchess.com"]
[Source "ChessBase"]
[SourceQuality "1"]
[TimeControl "5400+30"]

1. Nf3 Nf6 2. c4 g6 3. Nc3 c5 4. g3 Bg7 5. Bg2 O-O 6. O-O d5 7. cxd5 Nxd5 8. Nxd5 Qxd5 9. d3 Qh5 10. Qc2 Nc6 11. Be3 {[%emt 0:06:24] A38: Symmetrical English vs ...g6: 4 Bg2 Bg7 5 Nf3 Nf6.} Nd4 12. Bxd4 cxd4 {[%emt 0:00:25] [#]} 13. Qa4 $146 ({Predecessor:} 13. Qc7 Qb5 14. a4 Qxb2 15. Qxe7 Bg4 16. Rfb1 Qc2 17. Rxb7 Rae8 18. Qg5 Bc8 19. Rxa7 Rxe2 {0-1 (29) Syrchikov,A (2256)-Abramichev,A (2072) St Petersburg 2010}) 13... Rd8 14. Qb4 Bf6 15. Rac1 Rd5 16. Rc2 Rb5 17. Qd2 Be6 18. b3 a5 19. e3 dxe3 20. Qxe3 a4 21. Nd4 Re5 22. Qc1 Bd5 23. Rc8+ Rxc8 24. Qxc8+ (24. Qc2 Rc7 25. Qxc7 Kg7 26. Qc8 Be4 $4 (26... Rg5 $19 {avoids the disaster.} 27. Qc7 Bxd4 28. Qxe7 axb3 29. axb3 Bxg2 30. Kxg2 Rb5)) 24... Kg7 25. Bxd5 Rxd5 26. g4 Rg5 $18 27. Ne2 Rxg4+ 28. Ng3 Qh3 29. Qxb7 h5 30. Qg2 Qxg2+ 31. Kxg2 h4 32. Kf3 Rd4 33. Ne4 axb3 34. Nxf6 Kxf6 35. Ke3 Rb4 36. axb3 Rxb3 37. Ra1 e5 38. h3 Kf5 39. Ra5 g5 40. Rc5 f6 41. Ra5 Rb1 42. Kf3 Rd1 43. Ra3 Rxd3+ 44. Rxd3 e4+ 45. Ke3 exd3 46. f3 d2 47. Kxd2 Kf4 48. Ke2 Kg3 49. Ke3 Kxh3 50. f4 Kg3 51. Ke2 Kxf4 0-1

[Event "40th IND-chT Open 2020"]
[Site "Ahmedabad"]
[Date "2020.02.10"]
[Round "6.23"]
[White "Trivedi Karan R"]
[Black "Swapnil, Raj"]
[Result "1-0"]
[ECO "B11"]
[WhiteElo "1956"]
[BlackElo "1597"]
[Annotator "NA RC"]
[PlyCount "109"]
[EventDate "2020.02.05"]
[EventCountry "IND"]
[SourceTitle "playchess.com"]
[Source "ChessBase"]
[SourceQuality "1"]
[TimeControl "5400+30"]

1. e4 c6 2. Nc3 d5 3. Nf3 Bg4 4. h3 Bxf3 5. Qxf3 e6 6. exd5 cxd5 7. Bb5+ Nc6 8. O-O Nf6 9. Re1 Be7 10. d4 O-O {[%emt 0:03:11] B11: Caro-Kann: Two Knights Variation.} 11. Be3 Rc8 {[%emt 0:04:29] [#]} 12. Qd1 $146 ({Predecessor:} 12. g4 Bb4 13. Bd3 e5 14. dxe5 Nxe5 15. Qf5 Nxd3 16. Qxd3 Bxc3 17. bxc3 Ne4 18. Bd4 {0-1 (28) Augereau,C (1837)-Djidjeli,S (2065) Avoine 2017}) 12... Bb4 13. Bd3 Na5 (13... Ne4 $5) 14. Bd2 Nc4 15. Bxc4 Rxc4 16. Ne2 Bxd2 17. Qxd2 Ne4 18. Qd3 Qc7 19. c3 Rc6 20. Nc1 Qf4 21. Re2 Rfc8 22. Qd1 Qc7 23. Nd3 Nd6 24. h4 Ne4 25. Re3 Qd8 26. Qg4 Nf6 27. Qf4 h6 28. Rae1 Ne4 29. Ne5 R6c7 30. Rf3 Nd6 31. Qg4 Nf5 32. g3 b5 33. Nd3 a5 34. a3 Rc4 35. Qf4 (35. Rxf5 $5 exf5 36. Qxf5 $14) 35... h5 36. Qd2 R4c7 37. Qe2 Nd6 38. Nf4 Ne4 39. Nxh5 b4 40. axb4 axb4 41. cxb4 Rc2 42. Qe3 Rxb2 43. Qf4 f5 {[%emt 0:00:26] [#]} 44. Qe5 $1 {[%emt 0:00:00] Double Attack} Qd7 {[%emt 0:00:48] [#]} 45. Nf4 (45. Nxg7 $1 $18 Rc6 (45... Qxg7 46. Qxe6+) 46. Nh5) 45... Rxb4 46. Qxe6+ (46. Nxe6 $142 Re8 47. Nc5 Rxe5 48. Nxd7) 46... Qxe6 47. Nxe6 g6 $18 (47... Rc6 $16) 48. Nf4 Kh7 49. h5 g5 50. Nxd5 Rxd4 51. Rxf5 Kg7 52. Re5 Rd8 53. Nc7 R8d7 54. Ne6+ Kf6 55. R5xe4 1-0

[Event "40th IND-chT Open 2020"]
[Site "Ahmedabad"]
[Date "2020.02.10"]
[Round "6.24"]
[White "Utkarsh Bhatnagar"]
[Black "Sinha, Santosh Kumar"]
[Result "0-1"]
[ECO "A50"]
[WhiteElo "1659"]
[BlackElo "1942"]
[Annotator "NA"]
[PlyCount "130"]
[EventDate "2020.02.05"]
[EventCountry "IND"]
[SourceTitle "playchess.com"]
[Source "ChessBase"]
[SourceQuality "1"]
[TimeControl "5400+30"]

1. d4 Nf6 2. c4 g6 3. Nf3 Bg7 4. g3 b6 5. Bg2 Bb7 6. O-O O-O 7. Qc2 Be4 8. Qd1 c5 9. Nc3 Bb7 10. d5 d6 11. e4 Nbd7 12. h3 {[%emt 0:00:30] [#] A50: Queen's Fianchetto Defence (1 d4 Nf6 2 c4 b6).} Ba6 $146 ({Predecessor (4):} 12... b5 13. cxb5 a6 14. bxa6 Bxa6 15. Re1 Ne8 16. Bf4 h6 17. Qc2 g5 18. Bd2 Rb8 19. Nd1 e6 20. Rb1 Qf6 {0-1 (71) Idani,P (2569)-Mamedov,R (2680) Abu Dhabi 2017}) 13. Qe2 Ne8 14. Be3 Nc7 15. a4 Rb8 16. Nd2 e6 17. f4 ({White should try} 17. Nb5 $14) 17... exd5 18. exd5 Re8 19. Kh2 Bd4 20. Rf3 (20. Nd1 $1 $11) 20... Bxc3 21. bxc3 {[%emt 0:00:30] [#]} Nxd5 $1 22. Qd3 Nxe3 23. Rxe3 Rxe3 24. Qxe3 Nf6 25. Re1 Qf8 26. Qd3 {[%emt 0:00:30] [#]} (26. Ne4 $17 {was necessary.} Nxe4 27. Qxe4) 26... d5 $1 27. Bxd5 Nxd5 28. Qxd5 Rd8 29. Qg2 Rd3 30. Ne4 Qd8 ({Weaker is} 30... Bxc4 31. Nf6+ Kg7 32. Ne8+ Kh8 33. Qe4 $11) 31. Nf2 Rd2 32. Kg1 Bxc4 33. Qe4 Be6 34. Qe5 Qd5 ({Worse is} 34... Qa8 35. Ne4 $11) 35. Qxd5 Rxd5 ({Don't take} 35... Bxd5 36. Re8+ Kg7 37. Rd8 $17) 36. Re2 Rd8 37. h4 h5 38. Rb2 Bf5 39. a5 Rd6 40. axb6 axb6 41. Kg2 Kf8 42. Kf3 Ke7 43. Ke3 Re6+ 44. Kf3 Kd8 45. Nd1 Bg4+ 46. Kf2 Bxd1 47. Rd2+ Kc7 48. Rxd1 b5 49. f5 Rf6 50. Kf3 Rxf5+ 51. Ke4 Kc6 52. Rd8 b4 53. c4 Kc7 54. Ra8 Kb7 55. Ra5 Kb6 56. Rb5+ Kc6 57. Rb8 Rf6 58. Rc8+ Kd6 59. Rd8+ Kc7 60. Ra8 Kb7 $19 61. Ra5 Kb6 62. Ra8 Rd6 63. Ke5 Rd4 64. Kf6 Rxc4 65. Kxf7 Rg4 0-1